Wolf Pack vs Thunderbirds

Created - 25 février 2025 at 09:08

Goals
1 2 3 T
Wolf Pack 1 3 1 5
Thunderbirds 1 1 2 4
Shots
1 2 3 T
Wolf Pack 9 13 10 32
Thunderbirds 10 8 13 31

GoalsPenalties
1st period
1. Thunderbirds , Ross Johnston 19 (Wyatt Kaiser 40, Justin Danforth 57) at 2:04
2. Wolf Pack , Taylor Ward 16 (Zac Jones 41, Reid Schaefer 14) at 18:24
No Penalty
2nd period
3. Thunderbirds , Vinni Lettieri 28 (Justin Danforth 58, Ross Johnston 30) at 0:41
4. Wolf Pack , Reid Schaefer 11 (Viktor Lodin 15, Taylor Ward 14) at 11:32
5. Wolf Pack , Alex Laferriere 44 (Mark Friedman 29) at 11:58
6. Wolf Pack , Ivan Miroshnichenko 30 (Alex Laferriere 38, Mark Friedman 30) at 12:28 (PP)
Gabriel Carlsson (STL) for High sticking (Minor) at 6:04
Anton Stralman (STL) for Interference (Minor) at 12:20
Gavin Bayreuther (STL) for Slashing (Minor) at 15:40
3rd period
7. Wolf Pack , Jami Krannila 1 (Mark Friedman 31, Oskar Olausson 20) at 2:06
8. Thunderbirds , Denis Gurianov 18 (Mike Sgarbossa 30, Ross Johnston 31) at 10:13
9. Thunderbirds , Ross Johnston 20 (Uvis Balinskis 24, Gabriel Carlsson 14) at 18:55
Uvis Balinskis (STL) for Fighting (Major) at 0:07
Oskar Back (NYR) for Fighting (Major) at 0:07
Simon Ryfors (STL) for Hooking (Minor) at 6:55
Cole Guttman (STL) for Hooking (Minor) at 17:40
William Stromgren (NYR) for Tripping (Minor) at 18:04
Goalie Stats
Alex Lyon (NYR), 27 saves from 31 shots - (0,871), W, 38-22-5, 60:00 minutes
Pheonix Copley (STL), 27 saves from 32 shots - (0,844), L, 31-12-7, 59:45 minutes
3 StarsOfficial
1 - Ross Johnston (STL)
2 - Taylor Ward (NYR)
3 - Mark Friedman (NYR)
Referees : Kevin Pollock and Kendrick Nicholson
Linesman : Caleb Apperson and Justine Todd
Game Note
Uvis Balinskis beats up Oskar Back at 0:07 of 3rd period



Team Name Goals Shots Shots Attemp Shots Blocked PIM HIT PP PK FO%
Wolf Pack 53271107161 / 5 (20%)046%
Thunderbirds 431561815240 / 1 (0%)154%

Wolf Pack
Player Name POS G A P +/- PIM HIT SHT SB MP PP MP PP SHT PK MP PK SHT FO% FOT GA TA
Alex LaferriereRW112-1003018:433:2910:00033% 920
Ivan MiroshnichenkoLW101-1003019:153:2810:0000% 120
Jami KrannilaC1011002112:210:0000:00040% 500
Jared McIsaacD0000000012:400:0000:0000% 001
Jayden StrubleD000-1013220:022:4200:0000% 001
Logan BrownC/LW000-1000015:482:5300:20048% 2100
Mark FriedmanD0331001227:183:4700:2000% 003
Mason LohreiD000-1032220:022:4200:0000% 001
Michael MilneLW0001031012:210:0000:0000% 011
Oskar BackC/RW000-1512024:253:2000:00062% 2110
Oskar OlaussonRW0111021012:210:0000:0000% 000
Oskari LaaksonenD0000020012:400:0000:0000% 010
Reid SchaeferLW1120013017:080:1900:2000% 001
Ryder KorczakC000000000:000:0000:0000% 000
Taylor WardRW1121015016:421:4400:0000% 010
Viktor LodinC/LW0111011016:001:2900:00020% 1001
William StromgrenLW0000213012:592:4400:000100% 120
Zac JonesD0111002327:183:4700:2000% 000
Thunderbirds
Player Name POS G A P +/- PIM HIT SHT SB MP PP MP PP SHT PK MP PK SHT FO% FOT GA TA
Anton StralmanD0002220128:310:2003:3100% 001
Cole GuttmanC0000211010:100:2000:00020% 501
Denis GurianovLW/RW1011015015:420:0001:5900% 100
Gabriel CarlssonD011-1210420:250:0002:3900% 001
Gavin BayreutherD000-1210013:580:0002:3900% 000
Jake MuzzinD000-1021213:270:0000:0000% 000
Jiri SmejkalLW000000209:540:0000:0300% 000
John LeonardLW000-100208:560:0000:0000% 000
Justin DanforthC/RW022-1025123:370:0003:20053% 3832
Mike SgarbossaC0112032015:310:2001:06073% 1110
Riley DamianiC000-100209:530:0000:55071% 701
Ross JohnstonLW2240023223:090:2003:21050% 220
Simon RyforsC/LW/RW0001211013:420:0000:00050% 210
Uvis BalinskisD0110510316:300:0001:4500% 000
Vinni LettieriC/RW101-1024022:300:0002:1400% 001
William DufourRW000-102028:560:0000:0000% 000
Wyatt KaiserD0111012327:080:2002:2400% 012
Xavier BourgaultRW000002109:510:0000:00050% 211

Wolf Pack

5 vs 5 Forward
Line #Left WingCenterRight WingPHYDFOFWanted %Time %Time Play
1Ivan MiroshnichenkoOskar BackAlex Laferriere1224029%14:52
2William StromgrenLogan BrownOskar Back1223020%10:15
3Reid SchaeferViktor LodinTaylor Ward1222027%14:08
4Michael MilneJami KrannilaOskar Olausson1221024%12:21
5 vs 5 Defense
Line #DefenseDefensePHYDFOFWanted %Time %Time Play
1Mark FriedmanZac Jones1224037%19:05
2Jayden StrubleMason Lohrei1223033%17:07
3Oskari LaaksonenJared McIsaac1222025%12:40
4Mark FriedmanZac Jones122105%2:44
Power Play Forward
Line #Left WingCenterRight WingPHYDFOFWanted %Time %Time Play
1Ivan MiroshnichenkoOskar BackAlex Laferriere1226058%3:47
2William StromgrenLogan BrownOskar Back1224042%2:42
Power Play Defense
Line #DefenseDefensePHYDFOFWanted %Time %Time Play
1Mark FriedmanZac Jones1226058%3:47
2Jayden StrubleMason Lohrei1224042%2:42
Penalty Kill 4 Players Forward
Line #CenterWingPHYDFOFWanted %Time %Time Play
1Oskar BackIvan Miroshnichenko122600%0:00
2Logan BrownWilliam Stromgren12240100%0:20
Penalty Kill 4 Players Defense
Line #DefenseDefensePHYDFOFWanted %Time %Time Play
1Mark FriedmanZac Jones12260100%0:20
2Jayden StrubleMason Lohrei122400%0:00
Penalty Kill 3 Players
Line #WingPHYDFOFWanted %Time %Time PlayDefenseDefensePHYDFOFWanted %Time %Time Play
1Oskar Back122600%0:00 Mark FriedmanZac Jones122600%0:00
2Logan Brown122400%0:00 Jayden StrubleMason Lohrei122400%0:00
4 vs 4 Forward
Line #CenterWingPHYDFOFWanted %Time %Time Play
1Oskar BackIvan Miroshnichenko1226088%1:24
2Logan BrownWilliam Stromgren1224012%0:11
4 vs 4 Defense
Line #DefensePHYDFOFWanted %Time %Time Play
1Mark FriedmanZac Jones1226086%60% - 1:22
2Jayden StrubleMason Lohrei1224014%40% - 0:13
Last Minutes Offensive
Left WingCenterRight WingDefenseDefense
Ivan MiroshnichenkoOskar BackAlex LaferriereMark FriedmanZac Jones
Last Minutes Defensive
Left WingCenterRight WingDefenseDefense
Ivan MiroshnichenkoOskar BackAlex LaferriereMark FriedmanZac Jones
Time
Total ForwardTotal DefenseLast Minutes OffensiveLast Minutes Defensive
60:00 60:00 0:000:00
Extra Forwards
Normal PowerPlayPenalty Kill
Logan Brown, William Stromgren, Reid SchaeferLogan Brown, William StromgrenLogan Brown
Extra Defensemen
Normal PowerPlayPenalty Kill
Mason Lohrei, Oskari Laaksonen, Jared McIsaacMason Lohrei, Mason LohreiOskari Laaksonen
Penalty Shots
Alex Laferriere, Ivan Miroshnichenko, Oskar Back, Taylor Ward, Logan Brown
Goalie
Alex Lyon, Spencer Martin
Scratches
Artem Guryev (Healthy), Brian Pinho (Healthy), Matt Filipe (Healthy), Donovan Sebrango (Healthy), Logan Hutsko (Healthy) Daniil Chayka (Healthy), Lucas Edmonds (Healthy), Lukas Svejkovsky (Healthy), Raivis Ansons (Healthy), Isaac Poulter (Healthy)

Thunderbirds

5 vs 5 Forward
Line #Left WingCenterRight WingPHYDFOFWanted %Time %Time Play
1Ross JohnstonJustin DanforthVinni Lettieri1133937%19:06
2Denis GurianovMike SgarbossaSimon Ryfors1223027%13:43
3Jiri SmejkalCole GuttmanXavier Bourgault1222119%9:51
4John LeonardRiley DamianiWilliam Dufour1221017%8:56
5 vs 5 Defense
Line #DefenseDefensePHYDFOFWanted %Time %Time Play
1Anton StralmanWyatt Kaiser1223838%19:27
2Gabriel CarlssonUvis Balinskis1223132%16:41
3Gavin BayreutherJake Muzzin1222122%11:08
4Anton StralmanWyatt Kaiser122108%4:20
Power Play Forward
Line #Left WingCenterRight WingPHYDFOFWanted %Time %Time Play
1Denis GurianovJustin DanforthVinni Lettieri113600%0:00
2Ross JohnstonMike SgarbossaSimon Ryfors11340100%0:20
Power Play Defense
Line #DefenseDefensePHYDFOFWanted %Time %Time Play
1Uvis BalinskisWyatt Kaiser11363100%0:20
2Wyatt KaiserUvis Balinskis113370%0:00
Penalty Kill 4 Players Forward
Line #CenterWingPHYDFOFWanted %Time %Time Play
1Justin DanforthRoss Johnston1316083%5:23
2Mike SgarbossaVinni Lettieri1314017%1:06
Penalty Kill 4 Players Defense
Line #DefenseDefensePHYDFOFWanted %Time %Time Play
1Gabriel CarlssonAnton Stralman1316057%3:40
2Wyatt KaiserGavin Bayreuther1314043%2:49
Penalty Kill 3 Players
Line #WingPHYDFOFWanted %Time %Time PlayDefenseDefensePHYDFOFWanted %Time %Time Play
1Justin Danforth140600%0:00 Gabriel CarlssonAnton Stralman140600%0:00
2Ross Johnston140400%0:00 Wyatt KaiserGavin Bayreuther140400%0:00
4 vs 4 Forward
Line #CenterWingPHYDFOFWanted %Time %Time Play
1Justin DanforthVinni Lettieri1226077%1:13
2Mike SgarbossaRoss Johnston1224023%0:22
4 vs 4 Defense
Line #DefensePHYDFOFWanted %Time %Time Play
1Anton StralmanWyatt Kaiser1226080%60% - 1:16
2Gabriel CarlssonUvis Balinskis1224020%40% - 0:19
Last Minutes Offensive
Left WingCenterRight WingDefenseDefense
Denis GurianovJustin DanforthVinni LettieriWyatt KaiserUvis Balinskis
Last Minutes Defensive
Left WingCenterRight WingDefenseDefense
Ross JohnstonJustin DanforthVinni LettieriGabriel CarlssonAnton Stralman
Time
Total ForwardTotal DefenseLast Minutes OffensiveLast Minutes Defensive
60:00 60:00 0:000:00
Extra Forwards
Normal PowerPlayPenalty Kill
Simon Ryfors, Jiri Smejkal, Mike SgarbossaRoss Johnston, John LeonardRoss Johnston
Extra Defensemen
Normal PowerPlayPenalty Kill
Gabriel Carlsson, Jake Muzzin, Anton StralmanUvis Balinskis, Gavin BayreutherAnton Stralman
Penalty Shots
Justin Danforth, Vinni Lettieri, Simon Ryfors, Cole Guttman, Mike Sgarbossa
Goalie
Pheonix Copley, Devon Levi
Scratches
Bobby Nardella (Healthy), Tucker Robertson (Healthy), Josh Jacobs (Healthy), Brian Lashoff (Healthy), Ben McCartney (Healthy) Corson Ceulemans (Healthy), Jason Polin (Healthy), Tristen Robins (Healthy), William Trudeau (Healthy), Keith Kinkaid (Healthy) Strauss Mann (Healthy), Taylor Gauthier (Healthy)


Play-by-Play

1st period


0:01 of 1st period - Alex Laferriere wins face-off versus Justin Danforth in neutral zone.
0:06 of 1st period - Wrist shot by Justin Danforth.
0:06 of 1st period - Stopped by Alex Lyon without a rebound.
0:07 of 1st period - Justin Danforth wins face-off versus Oskar Back in Wolf Pack zone.
0:40 of 1st period - Snap shot by Vinni Lettieri.
0:40 of 1st period - Stopped by Alex Lyon with a rebound.
2:00 of 1st period - Slapshot by Justin Danforth.
2:00 of 1st period - Stopped by Alex Lyon with a rebound.
2:02 of 1st period - Slapshot by Wyatt Kaiser.
2:02 of 1st period - Shot Misses the Net.
2:04 of 1st period - Slapshot by Ross Johnston.
2:04 of 1st period - Goal by Ross Johnston - Wolf Pack : 0 - Thunderbirds : 1.
2:05 of 1st period - Mike Sgarbossa wins face-off versus Viktor Lodin in neutral zone.
2:15 of 1st period - Wrist shot by Reid Schaefer.
2:15 of 1st period - Stopped by Pheonix Copley with a rebound.
2:17 of 1st period - Wrist shot by Jayden Struble.
2:17 of 1st period - Deflect By Denis Gurianov.
2:17 of 1st period - Stopped by Pheonix Copley with a rebound.
2:19 of 1st period - Snap shot by Mason Lohrei.
2:19 of 1st period - Shot Blocked by Gabriel Carlsson.
3:42 of 1st period - Oskar Olausson is hit by Simon Ryfors and loses puck.
4:06 of 1st period - Anton Stralman is hit by Reid Schaefer and loses puck.
4:16 of 1st period - Off-side.
4:17 of 1st period - Logan Brown wins face-off versus Mike Sgarbossa in neutral zone.
4:52 of 1st period - Jared McIsaac is hit by William Dufour and loses puck.
5:01 of 1st period - Slapshot by Riley Damiani.
5:01 of 1st period - Stopped by Alex Lyon without a rebound.
5:02 of 1st period - Jami Krannila wins face-off versus Mike Sgarbossa in Wolf Pack zone.
5:27 of 1st period - Jiri Smejkal is hit by Mason Lohrei and loses puck.
5:57 of 1st period - Slapshot by Oskar Back.
5:57 of 1st period - Stopped by Pheonix Copley with a rebound.
5:59 of 1st period - Slapshot by Mason Lohrei.
5:59 of 1st period - Stopped by Pheonix Copley with a rebound.
6:17 of 1st period - Wrist shot by Simon Ryfors.
6:17 of 1st period - Shot Blocked by Zac Jones.
7:43 of 1st period - Slapshot by Zac Jones.
7:43 of 1st period - Shot Misses the Net.
7:55 of 1st period - Icing by Logan Brown.
7:56 of 1st period - Riley Damiani wins face-off versus Logan Brown in Wolf Pack zone.
8:03 of 1st period - Wrist shot by Riley Damiani.
8:03 of 1st period - Shot Misses the Net.
8:05 of 1st period - Wrist shot by John Leonard.
8:05 of 1st period - Stopped by Alex Lyon without a rebound.
8:06 of 1st period - Logan Brown wins face-off versus Justin Danforth in Wolf Pack zone.
8:19 of 1st period - Logan Brown is hit by Justin Danforth and loses puck.
8:32 of 1st period - Denis Gurianov is hit by Jayden Struble and loses puck.
9:19 of 1st period - Wyatt Kaiser is hit by Oskar Olausson and loses puck.
9:46 of 1st period - Slapshot by Mason Lohrei.
9:46 of 1st period - Stopped by Pheonix Copley with a rebound.
10:02 of 1st period - Wrist shot by Jiri Smejkal.
10:02 of 1st period - Stopped by Alex Lyon with a rebound.
10:48 of 1st period - Slapshot by Cole Guttman.
10:48 of 1st period - Stopped by Alex Lyon without a rebound.
10:49 of 1st period - Justin Danforth wins face-off versus Alex Laferriere in Wolf Pack zone.
10:54 of 1st period - Snap shot by Vinni Lettieri.
10:54 of 1st period - Shot Blocked by Zac Jones.
11:14 of 1st period - Gabriel Carlsson is hit by Taylor Ward and loses puck.
11:30 of 1st period - Icing by Simon Ryfors.
11:31 of 1st period - Riley Damiani wins face-off versus Logan Brown in Thunderbirds zone.
11:31 of 1st period - Riley Damiani is hit by Oskar Back.
11:55 of 1st period - Taylor Ward is hit by Vinni Lettieri and loses puck.
12:56 of 1st period - Snap shot by John Leonard.
12:56 of 1st period - Shot Misses the Net.
13:46 of 1st period - Icing by Gavin Bayreuther.
13:47 of 1st period - Mike Sgarbossa wins face-off versus Jami Krannila in Thunderbirds zone.
13:52 of 1st period - Justin Danforth is hit by Michael Milne.
13:56 of 1st period - Snap shot by Vinni Lettieri.
13:56 of 1st period - Shot Blocked by Mark Friedman.
14:54 of 1st period - Wrist shot by Oskar Back.
14:54 of 1st period - Shot Misses the Net.
14:56 of 1st period - Slapshot by Jayden Struble.
14:56 of 1st period - Shot Blocked by Wyatt Kaiser.
15:06 of 1st period - Alex Laferriere is hit by Vinni Lettieri.
15:20 of 1st period - Riley Damiani is hit by Oskari Laaksonen and loses puck.
15:37 of 1st period - Slapshot by Oskar Olausson.
15:37 of 1st period - Stopped by Pheonix Copley without a rebound.
15:38 of 1st period - Alex Laferriere wins face-off versus Cole Guttman in Thunderbirds zone.
16:04 of 1st period - Viktor Lodin is hit by Ross Johnston and loses puck.
16:47 of 1st period - Snap shot by Riley Damiani.
16:47 of 1st period - Deflect By William Dufour.
16:47 of 1st period - Shot Misses the Net.
16:47 of 1st period - Puck is out of play.
16:48 of 1st period - Riley Damiani wins face-off versus Viktor Lodin in Wolf Pack zone.
17:13 of 1st period - Taylor Ward is hit by Anton Stralman and loses puck.
17:28 of 1st period - Slapshot by Riley Damiani.
17:28 of 1st period - Stopped by Alex Lyon with a rebound.
17:52 of 1st period - Slapshot by Taylor Ward.
17:52 of 1st period - Shot Misses the Net.
18:06 of 1st period - Wrist shot by Viktor Lodin.
18:06 of 1st period - Shot Blocked by Gabriel Carlsson.
18:08 of 1st period - Snap shot by Viktor Lodin.
18:08 of 1st period - Shot Misses the Net.
18:10 of 1st period - Wrist shot by Taylor Ward.
18:10 of 1st period - Stopped by Pheonix Copley with a rebound.
18:22 of 1st period - Wrist shot by Taylor Ward.
18:22 of 1st period - Stopped by Pheonix Copley with a rebound.
18:24 of 1st period - Snap shot by Taylor Ward.
18:24 of 1st period - Goal by Taylor Ward - Wolf Pack : 1 - Thunderbirds : 1.
18:25 of 1st period - Justin Danforth wins face-off versus Alex Laferriere in neutral zone.
18:32 of 1st period - Slapshot by Justin Danforth.
18:32 of 1st period - Stopped by Alex Lyon with a rebound.
18:34 of 1st period - Slapshot by Ross Johnston.
18:34 of 1st period - Shot Blocked by Jayden Struble.
18:42 of 1st period - Backhand shot by Justin Danforth.
18:42 of 1st period - Shot Misses the Net.
18:52 of 1st period - Simon Ryfors is hit by Michael Milne.
19:20 of 1st period - Icing by Mason Lohrei.
19:21 of 1st period - Logan Brown wins face-off versus Justin Danforth in Wolf Pack zone.
Goals for this period are 1 for Wolf Pack vs 1 for Thunderbirds.
Shots for this period are 9 for Wolf Pack vs 10 for Thunderbirds.

2nd period


0:01 of 2nd period - Ross Johnston wins face-off versus Oskar Back in neutral zone.
0:09 of 2nd period - Off-side.
0:10 of 2nd period - Oskar Back wins face-off versus Justin Danforth in neutral zone.
0:31 of 2nd period - Snap shot by Vinni Lettieri.
0:31 of 2nd period - Stopped by Alex Lyon with a rebound.
0:33 of 2nd period - Wrist shot by Justin Danforth.
0:33 of 2nd period - Stopped by Alex Lyon with a rebound.
0:35 of 2nd period - Slapshot by Wyatt Kaiser.
0:35 of 2nd period - Shot Blocked by Zac Jones.
0:41 of 2nd period - Snap shot by Vinni Lettieri.
0:41 of 2nd period - Goal by Vinni Lettieri - Wolf Pack : 1 - Thunderbirds : 2.
0:42 of 2nd period - Oskar Back wins face-off versus Simon Ryfors in neutral zone.
1:06 of 2nd period - Icing by Justin Danforth.
1:07 of 2nd period - Justin Danforth wins face-off versus Viktor Lodin in Thunderbirds zone.
1:22 of 2nd period - Snap shot by Taylor Ward.
1:22 of 2nd period - Stopped by Pheonix Copley with a rebound.
1:56 of 2nd period - Jared McIsaac is hit by Cole Guttman and loses puck.
4:16 of 2nd period - Slapshot by Michael Milne.
4:16 of 2nd period - Deflect By Oskar Olausson.
4:16 of 2nd period - Shot Blocked by William Dufour.
4:16 of 2nd period - Puck is out of play.
4:17 of 2nd period - Jami Krannila wins face-off versus Justin Danforth in Thunderbirds zone.
4:28 of 2nd period - Jami Krannila is hit by Justin Danforth and loses puck.
4:49 of 2nd period - Snap shot by Reid Schaefer.
4:49 of 2nd period - Shot Misses the Net.
4:51 of 2nd period - Snap shot by Viktor Lodin.
4:51 of 2nd period - Shot Misses the Net.
4:53 of 2nd period - Slapshot by Mark Friedman.
4:53 of 2nd period - Stopped by Pheonix Copley with a rebound.
5:09 of 2nd period - Cole Guttman is hit by Oskari Laaksonen and loses puck.
5:31 of 2nd period - Snap shot by Riley Damiani.
5:31 of 2nd period - Deflect By John Leonard.
5:31 of 2nd period - Shot Misses the Net.
5:31 of 2nd period - Puck is out of play.
5:32 of 2nd period - Justin Danforth wins face-off versus Jami Krannila in Wolf Pack zone.
6:04 of 2nd period - Minor Penalty to Gabriel Carlsson for High sticking.
6:05 of 2nd period - Justin Danforth wins face-off versus Alex Laferriere in Thunderbirds zone.
7:22 of 2nd period - Denis Gurianov is hit by Mason Lohrei and loses puck.
8:04 of 2nd period - Penalty to Gabriel Carlsson is over, Gabriel Carlsson is back on ice.
8:26 of 2nd period - Jami Krannila is hit by William Dufour and loses puck.
8:33 of 2nd period - John Leonard is hit by Oskar Olausson and loses puck.
8:57 of 2nd period - Jami Krannila is hit by Denis Gurianov and loses puck.
9:04 of 2nd period - Gabriel Carlsson is hit by Michael Milne and loses puck.
9:11 of 2nd period - Snap shot by Michael Milne.
9:11 of 2nd period - Shot Misses the Net.
9:36 of 2nd period - Mason Lohrei is hit by Jake Muzzin and loses puck.
9:58 of 2nd period - Wrist shot by Oskar Olausson.
9:58 of 2nd period - Deflect By Michael Milne.
9:58 of 2nd period - Shot Misses the Net.
9:58 of 2nd period - Puck is out of play.
9:59 of 2nd period - Oskar Back wins face-off versus Justin Danforth in Thunderbirds zone.
10:09 of 2nd period - Icing by Zac Jones.
10:10 of 2nd period - Justin Danforth wins face-off versus Oskar Back in Wolf Pack zone.
10:47 of 2nd period - Slapshot by Zac Jones.
10:47 of 2nd period - Stopped by Pheonix Copley with a rebound.
10:49 of 2nd period - Slapshot by Mark Friedman.
10:49 of 2nd period - Shot Misses the Net.
10:51 of 2nd period - Slapshot by Mark Friedman.
10:51 of 2nd period - Deflect By Alex Laferriere.
10:51 of 2nd period - Stopped by Pheonix Copley without a rebound.
10:52 of 2nd period - Justin Danforth wins face-off versus Viktor Lodin in Thunderbirds zone.
11:30 of 2nd period - Wrist shot by Reid Schaefer.
11:30 of 2nd period - Stopped by Pheonix Copley with a rebound.
11:32 of 2nd period - Slapshot by Viktor Lodin.
11:32 of 2nd period - Deflect By Reid Schaefer.
11:32 of 2nd period - Goal by Reid Schaefer - Wolf Pack : 2 - Thunderbirds : 2.
11:33 of 2nd period - Mike Sgarbossa wins face-off versus Oskar Back in neutral zone.
11:44 of 2nd period - Wrist shot by Alex Laferriere.
11:44 of 2nd period - Deflect By Ivan Miroshnichenko.
11:44 of 2nd period - Shot Blocked by Wyatt Kaiser.
11:44 of 2nd period - Puck is out of play.
11:45 of 2nd period - Oskar Back wins face-off versus Ross Johnston in Thunderbirds zone.
11:58 of 2nd period - Wrist shot by Alex Laferriere.
11:58 of 2nd period - Goal by Alex Laferriere - Wolf Pack : 3 - Thunderbirds : 2.
11:59 of 2nd period - Logan Brown wins face-off versus Justin Danforth in neutral zone.
12:20 of 2nd period - Minor Penalty to Anton Stralman for Interference.
12:21 of 2nd period - Oskar Back wins face-off versus Justin Danforth in Thunderbirds zone.
12:22 of 2nd period - Slapshot by Ivan Miroshnichenko.
12:22 of 2nd period - Shot Misses the Net.
12:24 of 2nd period - Slapshot by Mark Friedman.
12:24 of 2nd period - Shot Hit the Post.
12:26 of 2nd period - Backhand shot by Alex Laferriere.
12:26 of 2nd period - Stopped by Pheonix Copley with a rebound.
12:28 of 2nd period - Wrist shot by Ivan Miroshnichenko.
12:28 of 2nd period - Goal by Ivan Miroshnichenko - Wolf Pack : 4 - Thunderbirds : 2.
12:29 of 2nd period - Justin Danforth wins face-off versus Alex Laferriere in neutral zone.
12:40 of 2nd period - Wrist shot by Ross Johnston.
12:40 of 2nd period - Shot Misses the Net.
12:54 of 2nd period - Reid Schaefer is hit by Mike Sgarbossa and loses puck.
13:01 of 2nd period - Wrist shot by Mason Lohrei.
13:01 of 2nd period - Shot Blocked by Wyatt Kaiser.
13:03 of 2nd period - Slapshot by Reid Schaefer.
13:03 of 2nd period - Shot Misses the Net.
13:43 of 2nd period - Slapshot by Wyatt Kaiser.
13:43 of 2nd period - Stopped by Alex Lyon without a rebound.
13:44 of 2nd period - Justin Danforth wins face-off versus Oskar Back in Wolf Pack zone.
13:51 of 2nd period - Slapshot by Mark Friedman.
13:51 of 2nd period - Shot Blocked by Uvis Balinskis.
13:53 of 2nd period - Slapshot by Zac Jones.
13:53 of 2nd period - Deflect By Oskar Back.
13:53 of 2nd period - Shot Blocked by Ross Johnston.
13:53 of 2nd period - Puck is out of play.
13:54 of 2nd period - Alex Laferriere wins face-off versus Justin Danforth in Thunderbirds zone.
13:55 of 2nd period - Snap shot by Ivan Miroshnichenko.
13:55 of 2nd period - Stopped by Pheonix Copley with a rebound.
13:57 of 2nd period - Wrist shot by Oskar Back.
13:57 of 2nd period - Deflect By Justin Danforth.
13:57 of 2nd period - Shot Misses the Net.
13:57 of 2nd period - Puck is out of play.
13:58 of 2nd period - Justin Danforth wins face-off versus Ivan Miroshnichenko in Thunderbirds zone.
14:32 of 2nd period - Zac Jones is hit by Jake Muzzin and loses puck.
14:38 of 2nd period - Off-side.
14:39 of 2nd period - Viktor Lodin wins face-off versus Justin Danforth in neutral zone.
14:44 of 2nd period - Slapshot by Jayden Struble.
14:44 of 2nd period - Shot Blocked by Justin Danforth.
15:04 of 2nd period - Jayden Struble is hit by Mike Sgarbossa and loses puck.
15:13 of 2nd period - Snap shot by Simon Ryfors.
15:13 of 2nd period - Stopped by Alex Lyon with a rebound.
15:25 of 2nd period - Oskar Back is hit by Xavier Bourgault.
15:31 of 2nd period - Wrist shot by Jiri Smejkal.
15:31 of 2nd period - Shot Blocked by Mason Lohrei.
15:33 of 2nd period - Slapshot by Xavier Bourgault.
15:33 of 2nd period - Stopped by Alex Lyon without a rebound.
15:34 of 2nd period - Justin Danforth wins face-off versus Viktor Lodin in Wolf Pack zone.
15:40 of 2nd period - Minor Penalty to Gavin Bayreuther for Slashing.
15:41 of 2nd period - Oskar Back wins face-off versus Justin Danforth in Thunderbirds zone.
17:40 of 2nd period - Penalty to Gavin Bayreuther is over, Gavin Bayreuther is back on ice.
18:01 of 2nd period - Backhand shot by Michael Milne.
18:01 of 2nd period - Stopped by Pheonix Copley with a rebound.
18:03 of 2nd period - Slapshot by Jayden Struble.
18:03 of 2nd period - Stopped by Pheonix Copley without a rebound.
18:04 of 2nd period - Xavier Bourgault wins face-off versus Jami Krannila in Thunderbirds zone.
18:34 of 2nd period - Snap shot by Denis Gurianov.
18:34 of 2nd period - Stopped by Alex Lyon with a rebound.
18:48 of 2nd period - Taylor Ward is hit by Ross Johnston and loses puck.
19:08 of 2nd period - Icing by Alex Laferriere.
19:09 of 2nd period - Riley Damiani wins face-off versus Logan Brown in Wolf Pack zone.
19:10 of 2nd period - Slapshot by Wyatt Kaiser.
19:10 of 2nd period - Stopped by Alex Lyon without a rebound.
19:11 of 2nd period - Riley Damiani wins face-off versus Logan Brown in Wolf Pack zone.
19:22 of 2nd period - Slapshot by Oskar Back.
19:22 of 2nd period - Shot Misses the Net.
19:24 of 2nd period - Snap shot by Mark Friedman.
19:24 of 2nd period - Shot Misses the Net.
19:26 of 2nd period - Wrist shot by William Stromgren.
19:26 of 2nd period - Stopped by Pheonix Copley with a rebound.
Goals for this period are 3 for Wolf Pack vs 1 for Thunderbirds.
Shots for this period are 13 for Wolf Pack vs 8 for Thunderbirds.

3rd period


0:01 of 3rd period - Oskar Back wins face-off versus Justin Danforth in neutral zone.
0:07 of 3rd period - Uvis Balinskis beats up Oskar Back.
0:07 of 3rd period - Penalty to Uvis Balinskis for Fighting.
0:07 of 3rd period - Penalty to Oskar Back for Fighting.
0:08 of 3rd period - Logan Brown wins face-off versus Justin Danforth in neutral zone.
0:13 of 3rd period - Slapshot by Zac Jones.
0:13 of 3rd period - Stopped by Pheonix Copley without a rebound.
0:14 of 3rd period - Logan Brown wins face-off versus Justin Danforth in Thunderbirds zone.
0:23 of 3rd period - Slapshot by Justin Danforth.
0:23 of 3rd period - Stopped by Alex Lyon without a rebound.
0:24 of 3rd period - Justin Danforth wins face-off versus Logan Brown in Wolf Pack zone.
0:25 of 3rd period - Slapshot by Vinni Lettieri.
0:25 of 3rd period - Shot Hit the Post.
1:16 of 3rd period - Slapshot by William Stromgren.
1:16 of 3rd period - Stopped by Pheonix Copley with a rebound.
1:28 of 3rd period - Oskari Laaksonen is hit by Gabriel Carlsson and loses puck.
2:02 of 3rd period - Slapshot by Mark Friedman.
2:02 of 3rd period - Shot Blocked by Jake Muzzin.
2:04 of 3rd period - Snap shot by Jami Krannila.
2:04 of 3rd period - Stopped by Pheonix Copley with a rebound.
2:06 of 3rd period - Wrist shot by Jami Krannila.
2:06 of 3rd period - Deflect By Ross Johnston.
2:06 of 3rd period - Goal by Jami Krannila - Wolf Pack : 5 - Thunderbirds : 2.
2:07 of 3rd period - Mike Sgarbossa wins face-off versus Logan Brown in neutral zone.
2:22 of 3rd period - Wrist shot by Mike Sgarbossa.
2:22 of 3rd period - Shot Misses the Net.
2:41 of 3rd period - Snap shot by Vinni Lettieri.
2:41 of 3rd period - Stopped by Alex Lyon without a rebound.
2:42 of 3rd period - Logan Brown wins face-off versus Denis Gurianov in Wolf Pack zone.
2:53 of 3rd period - Slapshot by William Stromgren.
2:53 of 3rd period - Shot Blocked by Jake Muzzin.
2:55 of 3rd period - Slapshot by Jayden Struble.
2:55 of 3rd period - Stopped by Pheonix Copley without a rebound.
2:56 of 3rd period - Justin Danforth wins face-off versus Logan Brown in Thunderbirds zone.
3:21 of 3rd period - Reid Schaefer is hit by Mike Sgarbossa and loses puck.
3:46 of 3rd period - Slapshot by Jayden Struble.
3:46 of 3rd period - Shot Blocked by William Dufour.
3:48 of 3rd period - Snap shot by Taylor Ward.
3:48 of 3rd period - Stopped by Pheonix Copley without a rebound.
3:49 of 3rd period - Logan Brown wins face-off versus Riley Damiani in Thunderbirds zone.
4:20 of 3rd period - Wrist shot by John Leonard.
4:20 of 3rd period - Deflect By William Dufour.
4:20 of 3rd period - Shot Blocked by Jami Krannila.
4:20 of 3rd period - Puck is out of play.
4:21 of 3rd period - Justin Danforth wins face-off versus Alex Laferriere in Wolf Pack zone.
4:52 of 3rd period - Snap shot by Denis Gurianov.
4:52 of 3rd period - Stopped by Alex Lyon without a rebound.
4:53 of 3rd period - Mike Sgarbossa wins face-off versus Logan Brown in Wolf Pack zone.
4:58 of 3rd period - Snap shot by Mike Sgarbossa.
4:58 of 3rd period - Deflect By Denis Gurianov.
4:58 of 3rd period - Shot Blocked by Mason Lohrei.
4:58 of 3rd period - Puck is out of play.
4:59 of 3rd period - Justin Danforth wins face-off versus Logan Brown in Wolf Pack zone.
5:12 of 3rd period - Wrist shot by Justin Danforth.
5:12 of 3rd period - Shot Misses the Net.
5:19 of 3rd period - Icing by Jayden Struble.
5:20 of 3rd period - Logan Brown wins face-off versus Mike Sgarbossa in Wolf Pack zone.
5:25 of 3rd period - Mike Sgarbossa is hit by William Stromgren and loses puck.
5:38 of 3rd period - Snap shot by Reid Schaefer.
5:38 of 3rd period - Shot Misses the Net.
5:46 of 3rd period - Wrist shot by William Stromgren.
5:46 of 3rd period - Deflect By Reid Schaefer.
5:46 of 3rd period - Shot Misses the Net.
5:46 of 3rd period - Puck is out of play.
5:47 of 3rd period - Oskar Back wins face-off versus Justin Danforth in Thunderbirds zone.
5:54 of 3rd period - Snap shot by Oskar Back.
5:54 of 3rd period - Stopped by Pheonix Copley without a rebound.
5:55 of 3rd period - Oskar Back wins face-off versus Justin Danforth in Thunderbirds zone.
6:00 of 3rd period - Wrist shot by Ivan Miroshnichenko.
6:00 of 3rd period - Shot Misses the Net.
6:02 of 3rd period - Wrist shot by Alex Laferriere.
6:02 of 3rd period - Shot Blocked by Uvis Balinskis.
6:12 of 3rd period - Backhand shot by Justin Danforth.
6:12 of 3rd period - Shot Misses the Net.
6:52 of 3rd period - Snap shot by Ivan Miroshnichenko.
6:52 of 3rd period - Stopped by Pheonix Copley without a rebound.
6:53 of 3rd period - Mike Sgarbossa wins face-off versus Viktor Lodin in Thunderbirds zone.
6:55 of 3rd period - Minor Penalty to Simon Ryfors for Hooking.
6:56 of 3rd period - Justin Danforth wins face-off versus Logan Brown in Thunderbirds zone.
8:55 of 3rd period - Penalty to Simon Ryfors is over, Simon Ryfors is back on ice.
10:13 of 3rd period - Wrist shot by Denis Gurianov.
10:13 of 3rd period - Goal by Denis Gurianov - Wolf Pack : 5 - Thunderbirds : 3.
10:14 of 3rd period - Justin Danforth wins face-off versus Oskar Back in neutral zone.
11:25 of 3rd period - Snap shot by Vinni Lettieri.
11:25 of 3rd period - Deflect By Ross Johnston.
11:25 of 3rd period - Stopped by Alex Lyon with a rebound.
11:27 of 3rd period - Snap shot by Justin Danforth.
11:27 of 3rd period - Shot Misses the Net.
11:58 of 3rd period - Jared McIsaac is hit by Gavin Bayreuther and loses puck.
12:58 of 3rd period - Wrist shot by John Leonard.
12:58 of 3rd period - Deflect By Ivan Miroshnichenko.
12:58 of 3rd period - Stopped by Alex Lyon without a rebound.
12:59 of 3rd period - Oskar Back wins face-off versus Riley Damiani in Wolf Pack zone.
12:59 of 3rd period - Oskar Back is hit by Uvis Balinskis.
13:25 of 3rd period - Denis Gurianov is hit by Viktor Lodin and loses puck.
13:43 of 3rd period - Icing by Reid Schaefer.
13:44 of 3rd period - Justin Danforth wins face-off versus Viktor Lodin in Wolf Pack zone.
14:38 of 3rd period - Snap shot by Viktor Lodin.
14:38 of 3rd period - Stopped by Pheonix Copley without a rebound.
14:39 of 3rd period - Simon Ryfors wins face-off versus Alex Laferriere in Thunderbirds zone.
14:44 of 3rd period - Slapshot by Denis Gurianov.
14:44 of 3rd period - Stopped by Alex Lyon without a rebound.
14:45 of 3rd period - Mike Sgarbossa wins face-off versus Oskar Back in Wolf Pack zone.
14:54 of 3rd period - Wrist shot by Mike Sgarbossa.
14:54 of 3rd period - Stopped by Alex Lyon without a rebound.
14:55 of 3rd period - Mike Sgarbossa wins face-off versus Logan Brown in Wolf Pack zone.
15:02 of 3rd period - Wrist shot by Denis Gurianov.
15:02 of 3rd period - Stopped by Alex Lyon with a rebound.
15:04 of 3rd period - Snap shot by Mike Sgarbossa.
15:04 of 3rd period - Stopped by Alex Lyon with a rebound.
15:33 of 3rd period - Slapshot by Mark Friedman.
15:33 of 3rd period - Shot Blocked by Gabriel Carlsson.
15:35 of 3rd period - Wrist shot by William Stromgren.
15:35 of 3rd period - Shot Blocked by Ross Johnston.
15:37 of 3rd period - Snap shot by Oskar Back.
15:37 of 3rd period - Shot Blocked by Gabriel Carlsson.
15:39 of 3rd period - Snap shot by Logan Brown.
15:39 of 3rd period - Shot Blocked by Uvis Balinskis.
15:41 of 3rd period - Wrist shot by William Stromgren.
15:41 of 3rd period - Stopped by Pheonix Copley without a rebound.
15:42 of 3rd period - Cole Guttman wins face-off versus Viktor Lodin in Thunderbirds zone.
15:49 of 3rd period - Slapshot by Jiri Smejkal.
15:49 of 3rd period - Stopped by Alex Lyon without a rebound.
15:50 of 3rd period - Viktor Lodin wins face-off versus Cole Guttman in Wolf Pack zone.
16:26 of 3rd period - Simon Ryfors is hit by Mason Lohrei and loses puck.
16:37 of 3rd period - Snap shot by Justin Danforth.
16:37 of 3rd period - Shot Blocked by Jayden Struble.
16:42 of 3rd period - Off-side.
16:43 of 3rd period - Oskar Back wins face-off versus Cole Guttman in neutral zone.
17:17 of 3rd period - Slapshot by Justin Danforth.
17:17 of 3rd period - Shot Misses the Net.
17:19 of 3rd period - Snap shot by Jake Muzzin.
17:19 of 3rd period - Stopped by Alex Lyon without a rebound.
17:20 of 3rd period - Logan Brown wins face-off versus Xavier Bourgault in Wolf Pack zone.
17:20 of 3rd period - Logan Brown is hit by Xavier Bourgault.
17:23 of 3rd period - Icing by Oskar Back.
17:24 of 3rd period - William Stromgren wins face-off versus Cole Guttman in Wolf Pack zone.
17:24 of 3rd period - William Stromgren is hit by Wyatt Kaiser.
17:40 of 3rd period - Minor Penalty to Cole Guttman for Hooking.
17:41 of 3rd period - Oskar Back wins face-off versus Justin Danforth in Thunderbirds zone.
17:42 of 3rd period - Wrist shot by Alex Laferriere.
17:42 of 3rd period - Shot Misses the Net.
17:44 of 3rd period - Wrist shot by Alex Laferriere.
17:44 of 3rd period - Shot Blocked by Anton Stralman.
17:46 of 3rd period - Slapshot by Ivan Miroshnichenko.
17:46 of 3rd period - Shot Misses the Net.
17:48 of 3rd period - Snap shot by Alex Laferriere.
17:48 of 3rd period - Shot Misses the Net.
18:04 of 3rd period - Minor Penalty to William Stromgren for Tripping.
18:05 of 3rd period - Justin Danforth wins face-off versus Oskar Back in Wolf Pack zone.
18:06 of 3rd period - Slapshot by Vinni Lettieri.
18:06 of 3rd period - Shot Misses the Net.
18:20 of 3rd period - Zac Jones is hit by Anton Stralman and loses puck.
18:53 of 3rd period - Wrist shot by Ross Johnston.
18:53 of 3rd period - Shot Misses the Net.
18:55 of 3rd period - Snap shot by Ross Johnston.
18:55 of 3rd period - Goal by Ross Johnston - Wolf Pack : 5 - Thunderbirds : 4.
18:56 of 3rd period - Oskar Back wins face-off versus Justin Danforth in neutral zone.
19:40 of 3rd period - Penalty to Cole Guttman is over, Cole Guttman is back on ice.
19:45 of 3rd period - Thunderbirds, Pheonix Copley is pulled from the net.
19:59 of 3rd period - Wrist shot by Ross Johnston.
19:59 of 3rd period - Shot Blocked by Mark Friedman.
Goals for this period are 1 for Wolf Pack vs 2 for Thunderbirds.
Shots for this period are 10 for Wolf Pack vs 13 for Thunderbirds.